AoeStats
← Koti

Glade

510547666Analyzed
1v1 RM · 1d ago on Oct 1, 2026· 29m 28s· 2 players
Game mode
Random Map
Map size
Tiny (2 player)
Population
200
Speed
Normal
Resources
Standard
Victory
Conquest
Starting age
Dark Age
Ending age
Imperial Age
RankedLock teamsTeams togetherTeam positionsShared explorationLock speedFull tech treeHidden civsTurbo modeCheats
Victory
Defeat
🇪🇸 Italians · Spain
1776
+13
🇫🇷 Mongols · France
1712
-13
Koti
4:20 Loom
9:59 Feudal Age
17:18 Castle Age
15:48 Fletching
15:49 Double-Bit Axe
16:37 Fletching
18:04 Bodkin Arrow
23:05 Town Watch
DK_virot16
5:15 Loom
14:17 Feudal Age
18:09 Castle Age
16:04 Double-Bit Axe
16:11 Horse Collar
19:10 Bow Saw
19:10 Heavy Plow
25:49 Bloodlines
26:15 Scale Barding Armor
27:03 Forging
Connection lost

Rejoining the realm…

Still unreachable

The connection could not be restored.

Session expired

The server has moved on; the page needs a fresh start.